[Event "Titled Tuesday Blitz October 11 Early 2022"]
[White "Schut, Han"]
[Black "Yaniuk, Volodymyr"]
[WhiteFideId "1005561"]
[BlackFideId "14133083"]
[WhiteElo "2024"]
[BlackElo "2141"]
[Result "0-1"]
[Round "05"]
[TimeControl "180+1"]
[Date "2022.10.12"]
[WhiteClock "0:00:03"]
[BlackClock "0:00:10"]

1. e4 c5 2. Nf3 d6 3. d4 cxd4 4. Nxd4 Nf6 5. f3 a6 6. c4 g6 7. Be3 Bg7 8. Qd2 Bd7 9. Nc3 h5 10. Rc1 Nc6 11. Be2 h4 12. O-O Rc8 13. Rfd1 Qa5 14. Bf1 Ne5 15. b3 Nc6 16. a4 Qb4 17. Nc2 Qa5 18. Rb1 Nh5 19. b4 Qd8 20. Nd5 Be6 21. Nb6 Rc7 22. a5 Ne5 23. Nd4 Bxc4 24. Rdc1 Bxf1 25. Kxf1 Nc6 26. Nd5 Rc8 27. Nb6 Rc7 28. Nd5 h3 29. Nxc7+ Qxc7 30. g3 Qd7 31. Nxc6 bxc6 32. Bd4 e5 33. Be3 f5 34. Qc3 f4 35. Qxc6 fxe3 36. Qxa6 Ke7 37. Qb6 Nxg3+ 38. hxg3 h2 39. Rc7 h1=Q+ 40. Ke2 Rh2+ 41. Kxe3 Bh6+ 42. Kd3 Qxb1+ 0-1


[Site "https://www.chess.com"]

[Event "Titled Tuesday Blitz October 11 Early 2022"]
[White "Seletsky, Grigory"]
[Black "Obrien, Matthew"]
[WhiteFideId "14112191"]
[BlackFideId "2059150"]
[WhiteElo "2492"]
[BlackElo "2546"]
[Result "1-0"]
[Round "05"]
[TimeControl "180+1"]
[Date "2022.10.12"]
[WhiteClock "0:00:49"]
[BlackClock "0:00:06"]

1. e3 c5 2. d4 Nf6 3. c4 g6 4. Nc3 Bg7 5. d5 O-O 6. e4 e6 7. Nf3 exd5 8. exd5 Re8+ 9. Be2 d6 10. O-O Na6 11. h3 Nc7 12. a4 a6 13. Bd3 Bf5 14. Bxf5 gxf5 15. Bg5 Qd7 16. Bxf6 Bxf6 17. Qd3 Kh8 18. Rfe1 Rg8 19. Kh2 Rg7 20. Re2 Rag8 21. Rg1 Ne8 22. a5 Rg6 23. b3 Ng7 24. Na4 f4 25. Nb6 Qf5 26. Qxf5 Nxf5 27. Re4 Nd4 28. Nxd4 Bxd4 29. g4 fxg3+ 30. Rxg3 Be5 31. Rxe5 dxe5 32. Nd7 Rxg3 33. fxg3 Re8 34. Nxc5 Kg7 35. Kg2 Rb8 36. d6 f6 37. d7 Kf7 38. Nxb7 Ke7 39. d8=Q+ Rxd8 40. Nxd8 Kxd8 41. g4 Kc7 42. Kf3 Kc6 43. b4 Kd6 44. Ke4 Kc6 45. g5 fxg5 46. Kxe5 h5 47. Kf5 g4 48. Kf4 h4 49. Kxg4 1-0


[Site "https://www.chess.com"]

[Event "Titled Tuesday Blitz October 11 Early 2022"]
[White "Sernecki, Franciszek"]
[Black "Jiganchine, Roman"]
[WhiteFideId "1169297"]
[BlackFideId "2603667"]
[WhiteElo "2209"]
[BlackElo "2297"]
[Result "0-1"]
[Round "05"]
[TimeControl "180+1"]
[Date "2022.10.12"]
[WhiteClock "0:00:16"]
[BlackClock "0:00:20"]

1. c4 e6 2. e4 d5 3. exd5 exd5 4. d4 Nf6 5. Nf3 c6 6. Nc3 Be7 7. Be2 O-O 8. O-O Bg4 9. Bg5 Nbd7 10. Ne5 Be6 11. Nxd7 Qxd7 12. Bxf6 Bxf6 13. cxd5 Bxd5 14. Qd3 a5 15. Rad1 Rfe8 16. Rfe1 Rad8 17. b3 h6 18. h3 Qd6 19. Rd2 Qf4 20. Red1 Rd7 21. Bf3 Bxf3 22. Qxf3 Qxf3 23. gxf3 c5 24. Ne2 cxd4 25. Kg2 Red8 26. f4 g6 27. Kf3 Kg7 28. Ke4 Re8+ 29. Kf3 Red8 30. Ke4 Re8+ 31. Kd3 Rc8 32. Rc1 Rdc7 33. Rxc7 Rxc7 34. Nxd4 Bxd4 35. Kxd4 Rd7+ 36. Ke3 Rxd2 37. Kxd2 Kf6 38. Ke3 Kf5 39. Kf3 b5 40. a3 b4 41. axb4 axb4 42. Ke3 h5 43. Kf3 h4 44. Ke3 f6 45. Kf3 g5 46. fxg5 fxg5 47. Kg2 g4 48. Kh2 Kf4 49. Kg2 gxh3+ 50. Kxh3 Kf3 51. Kxh4 Kxf2 52. Kg4 Ke3 53. Kg3 Kd3 54. Kf2 Kc3 55. Ke1 Kxb3 56. Kd1 Kc3 57. Kc1 b3 58. Kb1 b2 59. Ka2 Kc2 0-1


[Site "https://www.chess.com"]

[Event "Titled Tuesday Blitz October 11 Early 2022"]
[White "Shapiro, Daniel"]
[Black "Winterberg, Lukas"]
[WhiteFideId "2001780"]
[BlackFideId "24622702"]
[WhiteElo "2230"]
[BlackElo "2349"]
[Result "0-1"]
[Round "05"]
[TimeControl "180+1"]
[Date "2022.10.12"]
[WhiteClock "0:00:02"]
[BlackClock "0:00:06"]

1. d4 g6 2. c4 Bg7 3. Nf3 c5 4. d5 b5 5. cxb5 a6 6. e3 Nf6 7. b6 O-O 8. Nc3 Qxb6 9. a4 a5 10. Ra3 e6 11. Rb3 Qd8 12. dxe6 fxe6 13. Qd6 Na6 14. Bb5 Ne8 15. Qg3 d5 16. O-O Nb4 17. e4 d4 18. Nb1 Nd6 19. e5 Nxb5 20. axb5 c4 21. Ra3 Qd5 22. Qh3 Bd7 23. Rd1 Bxe5 24. Bh6 Rf5 25. Ng5 Bxb5 26. Rg3 Ra7 27. Nd2 Bxg3 28. hxg3 c3 29. Ndf3 c2 0-1


[Site "https://www.chess.com"]

[Event "Titled Tuesday Blitz October 11 Early 2022"]
[White "Shimanov, Aleksandr"]
[Black "Klukin, Kirill"]
[WhiteFideId "4198603"]
[BlackFideId "24199273"]
[WhiteElo "2605"]
[BlackElo "2290"]
[Result "1-0"]
[Round "05"]
[TimeControl "180+1"]
[Date "2022.10.11"]
[WhiteClock "0:00:45"]
[BlackClock "0:00:06"]

1. e4 c5 2. Nf3 g6 3. d4 cxd4 4. Nxd4 Bg7 5. Nc3 Nc6 6. Nxc6 bxc6 7. Bc4 d6 8. O-O Nf6 9. Bg5 O-O 10. Qd2 Rb8 11. Bb3 Nd7 12. Rfe1 Nc5 13. Bh6 Bxh6 14. Qxh6 e5 15. Rad1 Qe7 16. Rd2 Be6 17. Red1 Rfd8 18. Qe3 a5 19. h3 Kg7 20. f4 f6 21. Kh2 Bxb3 22. axb3 Ne6 23. Ne2 a4 24. bxa4 Rxb2 25. Qa3 Rb7 26. fxe5 fxe5 27. Rxd6 Nd4 28. Nxd4 Rxd6 29. Nf5+ gxf5 30. Rxd6 f4 31. Qd3 Qg5 32. a5 Rf7 33. Qf3 c5 34. a6 h5 35. Rb6 1-0


[Site "https://www.chess.com"]

[Event "Titled Tuesday Blitz October 11 Early 2022"]
[White "Shohat, Yotam"]
[Black "Svane, Rasmus"]
[WhiteFideId "2813955"]
[BlackFideId "4657101"]
[WhiteElo "2199"]
[BlackElo "2674"]
[Result "0-1"]
[Round "05"]
[TimeControl "180+1"]
[Date "2022.10.12"]
[WhiteClock "0:00:02"]
[BlackClock "0:00:16"]

1. e4 c6 2. d4 d5 3. exd5 cxd5 4. c4 Nf6 5. Nc3 Nc6 6. Nf3 a6 7. cxd5 Nxd5 8. Bc4 Be6 9. Bb3 Na5 10. Bc2 g6 11. O-O Bg7 12. Re1 O-O 13. Rxe6 fxe6 14. Qe2 Qd7 15. Ne4 b6 16. Neg5 Rf6 17. Ne5 Qe8 18. Ng4 Rc8 19. Bd3 Nb4 20. Nxf6+ exf6 21. Ne4 Nxd3 22. Qxd3 Qc6 23. Be3 Qc2 24. Qxa6 Rf8 25. Qxb6 Qxe4 26. Qxa5 f5 27. Re1 f4 28. Bd2 Qd3 29. Qc3 Qa6 30. Qb3 Kh8 31. Rxe6 Qc8 32. Re1 f3 33. gxf3 Qh3 34. Bg5 h6 35. Be7 Rxf3 36. Qe6 Rf5 37. Qe3 Qg4+ 38. Qg3 Qxd4 39. Bf8 Bxf8 40. Qxg6 Rg5+ 0-1


[Site "https://www.chess.com"]

[Event "Titled Tuesday Blitz October 11 Early 2022"]
[White "Shuvalova, Polina"]
[Black "Mitrabha, Guha"]
[WhiteFideId "24171760"]
[BlackFideId "5057000"]
[WhiteElo "2392"]
[BlackElo "2526"]
[Result "1-0"]
[Round "05"]
[TimeControl "180+1"]
[Date "2022.10.11"]
[WhiteClock "0:00:22"]
[BlackClock "0:00:07"]

1. d4 Nf6 2. Nf3 e6 3. Bf4 b6 4. e3 Bb7 5. h3 d6 6. c4 Nbd7 7. Nc3 g6 8. Be2 Bg7 9. O-O O-O 10. Bh2 Qe7 11. Qc2 e5 12. Rfe1 Rfe8 13. Rad1 e4 14. Nd2 Nf8 15. b4 a5 16. a3 h5 17. Nb3 Bc8 18. c5 a4 19. Nd2 bxc5 20. dxc5 dxc5 21. b5 Bf5 22. Nc4 Ne6 23. Bf1 h4 24. b6 cxb6 25. Nxb6 Rad8 26. Ncxa4 g5 27. Nc3 g4 28. Ncd5 Nxd5 29. Rxd5 Rxd5 30. Nxd5 Qg5 31. hxg4 Bxg4 32. Qxe4 Nc7 33. Qf4 Qxd5 34. Qxg4 Ne6 35. Qxh4 Qd2 36. Rb1 Rd8 37. Qe4 Bf6 38. Bg3 Ng5 39. Qf5 Be7 40. Bc4 Qc3 41. Qg4 Qxa3 42. Bh4 Kf8 43. Bxg5 Qc3 44. Bh6+ Ke8 45. Bb5+ 1-0


[Site "https://www.chess.com"]

[Event "Titled Tuesday Blitz October 11 Early 2022"]
[White "Shvedova, Alexandra"]
[Black "Chernobay, Artem"]
[WhiteFideId "54154782"]
[BlackFideId "4167406"]
[WhiteElo "2090"]
[BlackElo "2473"]
[Result "0-1"]
[Round "05"]
[TimeControl "180+1"]
[Date "2022.10.12"]
[WhiteClock "0:00:46"]
[BlackClock "0:00:22"]

1. Nf3 Nf6 2. g3 g6 3. Bg2 Bg7 4. O-O O-O 5. d4 d6 6. c4 c6 7. Nc3 Nbd7 8. e4 e5 9. d5 c5 10. b3 a6 11. a3 Rb8 12. Qd3 b5 13. Re1 bxc4 14. bxc4 Nb6 15. a4 Nbd7 16. a5 Qc7 17. h4 Nh5 18. Bd2 h6 19. Na4 f5 20. Reb1 Ndf6 21. Nc3 Rxb1+ 22. Qxb1 fxe4 23. Nxe4 Nxe4 24. Qxe4 Bf5 25. Qe2 e4 26. Re1 exf3 27. Bxf3 Nf6 28. g4 Bc8 29. g5 hxg5 30. hxg5 Re8 31. Qf1 Rxe1 32. Qxe1 Nd7 33. Qe8+ Nf8 34. Be4 Bf5 35. Bxf5 gxf5 36. Qa8 Qe7 37. Qxa6 Qe2 38. Be3 Qg4+ 39. Kf1 f4 40. Qxd6 fxe3 41. fxe3 Qf3+ 42. Ke1 Qxe3+ 43. Kd1 Qd3+ 44. Ke1 Bc3+ 45. Kf2 Bd4+ 46. Kg2 Qe2+ 47. Kh3 Qf1+ 48. Kh2 Qe2+ 49. Kh1 Be5 50. Qh6 Qf1# 0-1


[Site "https://www.chess.com"]

[Event "Titled Tuesday Blitz October 11 Early 2022"]
[White "Silva, Pedro Gil Ferreira Da"]
[Black "Shandrygin, Nikita"]
[WhiteFideId "1946102"]
[BlackFideId "24198668"]
[WhiteElo "2170"]
[BlackElo "2323"]
[Result "0-1"]
[Round "05"]
[TimeControl "180+1"]
[Date "2022.10.12"]
[WhiteClock "0:01:49"]
[BlackClock "0:02:06"]

1. e4 c5 2. Nf3 e6 3. d4 cxd4 4. Nxd4 Nf6 5. Nc3 Nc6 6. g3 Qc7 7. Bg2 a6 8. O-O h6 9. Re1 Nxd4 10. Qxd4 Bc5 11. Qd3 d6 12. h3 O-O 13. Bf4 e5 14. Be3 Be6 15. Rad1 Rfd8 16. Bxc5 Qxc5 17. Nd5 Nxd5 18. exd5 Bd7 19. c3 Rac8 20. Re4 Bf5 21. Rde1 Rf8 22. g4 Bxe4 23. Rxe4 f5 24. gxf5 Rxf5 25. Re2 Rcf8 26. Be4 Rxf2 0-1


[Site "https://www.chess.com"]

[Event "Titled Tuesday Blitz October 11 Early 2022"]
[White "Siva Mahadevan"]
[Black "Kaidanov, Gregory"]
[WhiteFideId "25043153"]
[BlackFideId "2008564"]
[WhiteElo "2249"]
[BlackElo "2648"]
[Result "0-1"]
[Round "05"]
[TimeControl "180+1"]
[Date "2022.10.11"]
[WhiteClock "0:00:04"]
[BlackClock "0:00:05"]

1. e4 e6 2. d4 d5 3. Nc3 Nf6 4. e5 Nfd7 5. f4 c5 6. Nf3 Nc6 7. Be3 cxd4 8. Nxd4 Qb6 9. Qd2 Qxb2 10. Rb1 Qa3 11. Bb5 Nxd4 12. Bxd4 a6 13. Bxd7+ Bxd7 14. Rxb7 Rc8 15. Rb3 Qe7 16. O-O Qd8 17. Rfb1 Be7 18. Qf2 O-O 19. Rb7 Bc6 20. R7b6 a5 21. Qg3 Ba8 22. Qe3 Qc7 23. R1b2 Qc4 24. h3 Ba3 25. R2b3 Bb4 26. a3 Bc5 27. Bxc5 Rxc5 28. Rb8 Rcc8 29. Qa7 Bc6 30. Rxc8 Rxc8 31. Qc7 Be8 32. Qxc4 Rxc4 33. g3 Kf8 34. Kf2 d4 35. Ne4 Bc6 36. Rb8+ Ke7 37. Nd6 Rxc2+ 38. Ke1 d3 39. Nc8+ Kd7 40. Nd6 Kc7 41. Rc8+ Kd7 42. Rb8 Re2+ 43. Kd1 Ba4+ 44. Kc1 d2+ 45. Kb2 d1=Q+ 46. Kc3 Qc2+ 47. Kd4 Qd2+ 48. Kc5 Qd5+ 49. Kb6 Rb2+ 50. Ka7 Rxb8 51. Kxb8 Qc6 52. Ka7 Qc7+ 53. Ka6 Kc6 54. f5 Qb6# 0-1


[Site "https://www.chess.com"]

[Event "Titled Tuesday Blitz October 11 Early 2022"]
[White "Smietanska, Wiktoria"]
[Black "Veleshnja, Zino"]
[WhiteFideId "21869359"]
[BlackFideId "4701313"]
[WhiteElo "1854"]
[BlackElo "2167"]
[Result "0-1"]
[Round "05"]
[TimeControl "180+1"]
[Date "2022.10.12"]
[WhiteClock "0:00:07"]
[BlackClock "0:01:21"]

1. c4 Nf6 2. Nc3 g6 3. g3 Bg7 4. Bg2 O-O 5. e4 d6 6. Nge2 c5 7. O-O Nc6 8. d3 a6 9. h3 Rb8 10. a4 Nd4 11. Be3 Nd7 12. Rb1 b6 13. f4 Bb7 14. g4 e6 15. f5 exf5 16. exf5 Bxg2 17. Kxg2 Re8 18. Bxd4 cxd4 19. Nd5 Be5 20. Qd2 Qh4 21. Rf3 b5 22. axb5 axb5 23. cxb5 Nb6 24. Ndf4 g5 25. Nh5 Nd5 26. Nhg3 Ne3+ 27. Kg1 Qxh3 28. Qe1 Qg2# 0-1


[Site "https://www.chess.com"]

[Event "Titled Tuesday Blitz October 11 Early 2022"]
[White "Sohier, Julien"]
[Black "Shaik Sumer Arsh"]
[WhiteFideId "645346"]
[BlackFideId "45020000"]
[WhiteElo "2209"]
[BlackElo "2190"]
[Result "1-0"]
[Round "05"]
[TimeControl "180+1"]
[Date "2022.10.12"]
[WhiteClock "0:00:11"]
[BlackClock "0:00:12"]

1. e4 e5 2. Nf3 Nc6 3. Bc4 Nf6 4. d3 Bc5 5. O-O d6 6. a4 a5 7. Re1 O-O 8. h3 Be6 9. Nbd2 Qb8 10. Bb5 Qa7 11. Re2 Ne7 12. c3 c6 13. Bc4 d5 14. Bb3 Ng6 15. exd5 cxd5 16. Nxe5 Nxe5 17. Rxe5 Bxf2+ 18. Kf1 Bg3 19. Re2 d4 20. Nf3 dxc3 21. bxc3 Qb6 22. Bxe6 fxe6 23. Be3 Qc6 24. Bd4 Nh5 25. Kg1 Rxf3 26. gxf3 Nf4 27. Re4 e5 28. Bxe5 Qg6 29. Kh1 Qh5 30. Qf1 g5 31. Bxf4 Bxf4 32. Qg2 Rf8 33. Rae1 h6 34. Qg4 Qg6 35. Qe6+ Qxe6 36. Rxe6 Bd2 37. R1e2 Bxc3 38. Re8 Bd4 39. Rxf8+ Kxf8 40. Re4 Bc5 41. Re5 b6 42. Re6 Kg7 43. Kg2 h5 44. Rc6 Kf7 45. h4 gxh4 46. Kh3 Bf2 47. Rh6 Kg7 48. Rxh5 Kg6 49. Rd5 Kf6 50. Kg4 Ke6 51. Rb5 Kd6 52. f4 Bd4 53. f5 Bf6 54. Kh3 Kc6 55. Kg4 Be7 56. Rb1 Bf6 57. Kh5 Kd5 58. Kg6 Bd4 59. f6 Bc5 60. f7 h3 61. Rh1 Ke6 62. Rxh3 Bf8 63. Rh8 Ke7 64. Rh3 Ke6 65. Re3+ Kd7 66. Re8 Be7 67. f8=Q Bxf8 68. Rxf8 Kc6 69. Rf5 Kb7 70. Rb5 Ka6 71. Kf7 Ka7 72. Ke6 Ka6 73. d4 Ka7 74. d5 Kb7 75. d6 Ka7 76. Ke7 Ka6 77. d7 Kb7 78. d8=Q Kc6 79. Qd7# 1-0


[Site "https://www.chess.com"]

[Event "Titled Tuesday Blitz October 11 Early 2022"]
[White "Sonnenschein, Philipp"]
[Black "Zaksaite, Salomeja"]
[WhiteFideId "16250877"]
[BlackFideId "12801496"]
[WhiteElo "2225"]
[BlackElo "2094"]
[Result "1-0"]
[Round "05"]
[TimeControl "180+1"]
[Date "2022.10.12"]
[WhiteClock "0:01:06"]
[BlackClock "0:00:09"]

1. e4 c5 2. Nf3 e6 3. d4 cxd4 4. Nxd4 Nf6 5. Nc3 Nc6 6. g3 d5 7. exd5 exd5 8. Bg2 Bc5 9. Nxc6 bxc6 10. O-O O-O 11. Na4 Bg4 12. Bf3 Bxf3 13. Qxf3 Bb6 14. Bg5 h6 15. Bxf6 Qxf6 16. Qxf6 gxf6 17. Rfe1 Rfe8 18. Kf1 Kg7 19. Rxe8 Rxe8 20. Nxb6 axb6 21. Re1 Ra8 22. a3 Ra5 23. Re7 Rb5 24. b4 d4 25. Rd7 c5 26. Rd5 Kf8 27. Ke2 Ke7 28. Kd3 Ke6 29. Kc4 1-0


[Site "https://www.chess.com"]

[Event "Titled Tuesday Blitz October 11 Early 2022"]
[White "Soto Vega, Jorge"]
[Black "Matinian, Nikita"]
[WhiteFideId "3800580"]
[BlackFideId "24129100"]
[WhiteElo "2263"]
[BlackElo "2422"]
[Result "1-0"]
[Round "05"]
[TimeControl "180+1"]
[Date "2022.10.12"]
[WhiteClock "0:00:36"]
[BlackClock "0:00:02"]

1. e4 c5 2. Nf3 d6 3. d4 cxd4 4. Nxd4 Nf6 5. f3 Nc6 6. c4 g6 7. Nc2 Bg7 8. Nc3 O-O 9. Be3 Nd7 10. Qd2 f5 11. exf5 gxf5 12. Be2 Nde5 13. O-O Be6 14. Nd5 Kh8 15. Rad1 Rc8 16. b3 Bg8 17. Rfe1 Ng6 18. Bg5 Qd7 19. Be3 b6 20. Bf1 Nce5 21. Bh6 f4 22. Bxg7+ Kxg7 23. Re4 Bxd5 24. Qxd5 Rc5 25. Qd2 a5 26. Nd4 Kh8 27. Ne2 Qf5 28. Nc3 Qg5 29. Kh1 Nh4 30. Qf2 Nf5 31. Nd5 Rxd5 32. Rxd5 Ng3+ 33. hxg3 fxg3 34. Qd4 Rf6 35. Kg1 Qc1 36. f4 Kg8 37. Rdxe5 dxe5 38. Qxe5 Rh6 39. Qg5+ Rg6 40. Qd5+ Kg7 41. Rxe7+ Kh6 42. Qd4 a4 43. Qe3 Qb2 44. f5+ Rg5 45. Qe6+ Kh5 46. Rxh7+ Kg4 47. Be2+ Kf4 48. Rh4+ 1-0


[Site "https://www.chess.com"]

[Event "Titled Tuesday Blitz October 11 Early 2022"]
[White "Sovetbekova, Nurai"]
[Black "Dushyant Sharma"]
[WhiteFideId "13801910"]
[BlackFideId "25065130"]
[WhiteElo "1925"]
[BlackElo "2270"]
[Result "0-1"]
[Round "05"]
[TimeControl "180+1"]
[Date "2022.10.12"]
[WhiteClock "0:00:02"]
[BlackClock "0:00:03"]

1. d4 d5 2. c4 e6 3. Nf3 Nf6 4. g3 Be7 5. Bg2 O-O 6. O-O dxc4 7. Ne5 c5 8. dxc5 Bxc5 9. Nxc4 Qe7 10. Nc3 Nc6 11. a3 Rd8 12. Qa4 a6 13. b4 Bd4 14. Qb3 b5 15. Bxc6 bxc4 16. Qc2 Bb7 17. Bxb7 Qxb7 18. Bb2 Rac8 19. e3 Be5 20. Rac1 h5 21. Ne2 Bxb2 22. Qxb2 h4 23. Nd4 Ne4 24. Qe2 Ng5 25. f3 hxg3 26. hxg3 c3 27. Kg2 e5 28. Nb3 e4 29. f4 Nf3 30. Rfd1 Qe7 31. Nc5 Rxd1 32. Rxd1 a5 33. Rc1 axb4 34. axb4 Rxc5 35. bxc5 Qxc5 36. Qc2 Qxe3 37. Qxc3 Qe2+ 38. Kh3 f5 39. Qc2 Ng1+ 40. Kh4 Qg4# 0-1


[Site "https://www.chess.com"]

[Event "Titled Tuesday Blitz October 11 Early 2022"]
[White "Srihari L R"]
[Black "Zierk, Steven"]
[WhiteFideId "46617116"]
[BlackFideId "2034255"]
[WhiteElo "2336"]
[BlackElo "2494"]
[Result "1/2-1/2"]
[Round "05"]
[TimeControl "180+1"]
[Date "2022.10.11"]
[WhiteClock "0:00:20"]
[BlackClock "0:00:43"]

1. d4 d5 2. c4 c6 3. cxd5 cxd5 4. Nc3 Nf6 5. Bf4 Nc6 6. e3 a6 7. Bd3 Bg4 8. Nge2 e6 9. h3 Bxe2 10. Bxe2 Bd6 11. Bxd6 Qxd6 12. Qb3 O-O 13. O-O Rfc8 14. Rfc1 Na5 15. Qa4 Nc4 16. Bxc4 Rxc4 17. Qd1 Rac8 18. Ne2 Ne4 19. b3 Nc3 20. Nxc3 Rxc3 21. Rxc3 Rxc3 22. Rc1 Qc7 23. Rxc3 Qxc3 24. g3 b5 25. a4 b4 26. Kf1 a5 27. h4 h5 28. Ke2 Qb2+ 29. Ke1 g6 30. Qd3 Kg7 31. Kf1 Kh6 32. Kg2 f6 33. Kf3 g5 34. hxg5+ fxg5 35. Qa6 g4+ 36. Kg2 Qxb3 37. Qxe6+ Kg7 38. Qd7+ Kf6 39. Qd6+ Kf7 40. Qd7+ Kf6 41. Qd8+ Kf5 42. Qe8 Qc4 43. Qe5+ Kg6 44. Qe6+ Kg5 45. Qe5+ Kg6 46. Qe6+ Kg5 47. Qe5+ Kg6 1/2-1/2


[Site "https://www.chess.com"]

[Event "Titled Tuesday Blitz October 11 Early 2022"]
[White "Storey, Charles H"]
[Black "Rose, Felix"]
[WhiteFideId "406686"]
[BlackFideId "5105722"]
[WhiteElo "2252"]
[BlackElo "2039"]
[Result "1-0"]
[Round "05"]
[TimeControl "180+1"]
[Date "2022.10.12"]
[WhiteClock "0:02:52"]
[BlackClock "0:02:20"]

1. d4 d5 2. c4 e6 3. Nc3 Nf6 4. Nf3 Be7 5. Bf4 O-O 6. e3 b6 7. cxd5 Nxd5 8. Nxd5 Qxd5 9. Bd3 c5 10. Qc2 Ba6 11. Bxh7+ Kh8 12. Be4 1-0


[Site "https://www.chess.com"]

[Event "Titled Tuesday Blitz October 11 Early 2022"]
[White "Stribuk, Artiom"]
[Black "Ernst, Sipke"]
[WhiteFideId "13515659"]
[BlackFideId "1004689"]
[WhiteElo "2892"]
[BlackElo "2668"]
[Result "1-0"]
[Round "05"]
[TimeControl "180+1"]
[Date "2022.10.12"]
[WhiteClock "0:00:20"]
[BlackClock "0:00:35"]

1. d4 Nf6 2. c4 e6 3. Nc3 c5 4. d5 exd5 5. cxd5 d6 6. e4 g6 7. f4 Bg7 8. Bb5+ Nfd7 9. a4 O-O 10. Nf3 Na6 11. O-O Nc7 12. Bd3 a6 13. Bd2 Rb8 14. a5 Nf6 15. h3 Bd7 16. Bc4 Bb5 17. b3 Re8 18. Re1 b6 19. axb6 Rxb6 20. Qc2 Nd7 21. Qd3 Qb8 22. e5 dxe5 23. d6 Ne6 24. fxe5 Nd4 25. Nxd4 cxd4 26. e6 Bxc4 27. Qxc4 fxe6 28. Rxe6 Kh8 29. Ne4 Rc8 30. Qf1 Rxb3 31. Qf7 Rb1+ 32. Rxb1 Qxb1+ 33. Kh2 Ne5 34. Re8+ Bf8 35. Qxf8# 1-0


[Site "https://www.chess.com"]

[Event "Titled Tuesday Blitz October 11 Early 2022"]
[White "Subelj, Jan"]
[Black "Indjic, Aleksandar"]
[WhiteFideId "14618583"]
[BlackFideId "911925"]
[WhiteElo "2394"]
[BlackElo "2592"]
[Result "1/2-1/2"]
[Round "05"]
[TimeControl "180+1"]
[Date "2022.10.11"]
[WhiteClock "0:00:06"]
[BlackClock "0:00:35"]

1. e4 e5 2. Nf3 Nc6 3. Bb5 a6 4. Ba4 Bc5 5. c3 Nge7 6. d4 exd4 7. cxd4 Bb4+ 8. Bd2 Bxd2+ 9. Qxd2 d5 10. exd5 Qxd5 11. Nc3 Qe6+ 12. Kf1 Qc4+ 13. Kg1 O-O 14. d5 Rd8 15. Bb3 Qb4 16. Re1 Na5 17. Qg5 Nxb3 18. Rxe7 h6 19. Qe3 Nc5 20. Re8+ Rxe8 21. Qxe8+ Kh7 22. h4 Qxb2 23. Qxf7 Qc1+ 24. Kh2 Qxc3 25. Ng5+ hxg5 26. Qh5+ Kg8 27. Qe8+ Kh7 28. Qh5+ Kg8 29. Qe8+ Kh7 30. Qh5+ 1/2-1/2


[Site "https://www.chess.com"]

[Event "Titled Tuesday Blitz October 11 Early 2022"]
[White "Tania, Sachdev"]
[Black "Baskakov, Egor"]
[WhiteFideId "5007844"]
[BlackFideId "24197866"]
[WhiteElo "2306"]
[BlackElo "2211"]
[Result "1/2-1/2"]
[Round "05"]
[TimeControl "180+1"]
[Date "2022.10.12"]
[WhiteClock "0:00:13"]
[BlackClock "0:00:14"]

1. d4 Nf6 2. c4 e6 3. Nf3 d5 4. Nc3 Ne4 5. Qc2 f5 6. g3 c6 7. Bg2 Be7 8. O-O O-O 9. b3 Bd7 10. Bb2 Be8 11. Ne5 Nd7 12. Nxd7 Qxd7 13. f3 Nxc3 14. Bxc3 Bg6 15. e4 fxe4 16. fxe4 Bf6 17. Rad1 Rae8 18. Qe2 Bg5 19. h4 Bd8 20. h5 Bxe4 21. Bxe4 dxe4 22. Qxe4 Bc7 23. Kg2 Qe7 24. Qg4 Rf5 25. Rd3 Rg5 26. Qe2 Qd6 27. Qf2 Rf5 28. Qe2 Ref8 29. Rxf5 Rxf5 30. Bd2 Qd7 31. Rf3 Rxf3 32. Kxf3 Qf7+ 33. Kg2 Qf5 34. g4 Qf6 35. d5 cxd5 36. cxd5 Kf7 37. Qc4 Bd6 38. g5 Qf5 39. dxe6+ Qxe6 40. g6+ hxg6 41. hxg6+ Ke7 42. Bg5+ Kd7 43. Qb5+ Kc7 44. Qa5+ Kc6 45. Qa4+ Kc7 46. Qa5+ Kc6 47. Qa4+ Kc7 48. Qa5+ 1/2-1/2


[Site "https://www.chess.com"]

[Event "Titled Tuesday Blitz October 11 Early 2022"]
[White "Terry, Renato"]
[Black "Drozdowski, Kacper"]
[WhiteFideId "3803457"]
[BlackFideId "1136720"]
[WhiteElo "2577"]
[BlackElo "2485"]
[Result "1/2-1/2"]
[Round "05"]
[TimeControl "180+1"]
[Date "2022.10.11"]
[WhiteClock "0:02:23"]
[BlackClock "0:02:37"]

1. d4 d5 2. Bg5 c6 3. e3 Bf5 4. Bd3 Bxd3 5. Qxd3 Nd7 6. Nf3 Ngf6 7. Nbd2 e6 8. O-O Be7 9. c3 O-O 10. Rfe1 h6 11. Bf4 c5 12. h3 Qb6 13. a4 Rac8 14. Qb5 a6 15. Qxb6 Nxb6 1/2-1/2


[Site "https://www.chess.com"]

[Event "Titled Tuesday Blitz October 11 Early 2022"]
[White "Terzi, Alexei"]
[Black "Shipov, Sergei"]
[WhiteFideId "13505076"]
[BlackFideId "4113624"]
[WhiteElo "2172"]
[BlackElo "2779"]
[Result "0-1"]
[Round "05"]
[TimeControl "180+1"]
[Date "2022.10.11"]
[WhiteClock "0:00:03"]
[BlackClock "0:01:36"]

1. e4 e6 2. d4 d5 3. Bd3 dxe4 4. Bxe4 Nf6 5. Bf3 c5 6. Ne2 Nc6 7. Be3 cxd4 8. Nxd4 Ne5 9. Nc3 a6 10. Qe2 Nxf3+ 11. gxf3 Nd5 12. Qd3 e5 13. Nb3 Nxc3 14. Qxc3 Qf6 15. O-O-O Bf5 16. Rd5 Be6 17. Rxe5 Bd6 18. Bd4 Bxe5 19. Bxe5 Qh6+ 20. Nd2 f6 21. Bd6 Rc8 22. Qd4 Kf7 23. Bf4 Qg6 24. Ne4 Rhd8 25. Qb6 Rd7 26. Re1 Qf5 27. Bg3 Qd5 28. Nd6+ Rxd6 29. Qxd6 Qxa2 30. b3 Qxb3 0-1


[Site "https://www.chess.com"]

[Event "Titled Tuesday Blitz October 11 Early 2022"]
[White "Timofeev, Artyom"]
[Black "Arabidze, Meri"]
[WhiteFideId "4140419"]
[BlackFideId "13604040"]
[WhiteElo "2879"]
[BlackElo "2643"]
[Result "1-0"]
[Round "05"]
[TimeControl "180+1"]
[Date "2022.10.12"]
[WhiteClock "0:00:54"]
[BlackClock "0:01:04"]

1. e4 c5 2. Nf3 e6 3. d4 cxd4 4. Nxd4 Nc6 5. Nc3 a6 6. Nxc6 bxc6 7. Bd3 d5 8. O-O Nf6 9. Bf4 Be7 10. Qe2 O-O 11. Rfd1 Bb7 12. b3 Re8 13. Na4 Nd7 14. c4 e5 15. Bd2 d4 16. Nb2 c5 17. Bc2 Bg5 18. Nd3 Bxd2 19. Rxd2 Rc8 20. Rf1 Nf8 21. g3 Ng6 22. h4 h6 23. b4 cxb4 24. Nxb4 Qd7 25. Nd5 Qh3 26. Re1 Re6 27. Qf1 Qxf1+ 28. Kxf1 Rxc4 29. Bb3 Rc5 30. Nb4 Rb6 31. Nd3 Rc3 32. h5 Nf8 33. Nxe5 Ne6 34. Bd5 Rc5 35. Nd7 Bxd5 36. exd5 1-0


[Site "https://www.chess.com"]

[Event "Titled Tuesday Blitz October 11 Early 2022"]
[White "Toshali, V"]
[Black "Osiecki, Stanislaw"]
[WhiteFideId "5072611"]
[BlackFideId "1102990"]
[WhiteElo "1973"]
[BlackElo "2088"]
[Result "1-0"]
[Round "05"]
[TimeControl "180+1"]
[Date "2022.10.12"]
[WhiteClock "0:00:17"]
[BlackClock "0:00:08"]

1. d4 Nf6 2. Nf3 g6 3. Bg5 Bg7 4. Nbd2 d6 5. e4 O-O 6. Bc4 h6 7. Bh4 Nbd7 8. e5 dxe5 9. dxe5 Ng4 10. e6 Nb6 11. exf7+ Kh7 12. Bb3 a5 13. a4 g5 14. Bg3 Bxb2 15. h4 Kg7 16. hxg5 hxg5 17. Nxg5 Rh8 18. Rxh8 Qxh8 19. Nh3 Bxa1 20. Qxa1+ Nf6 21. Qe5 Bxh3 22. gxh3 Qxh3 23. Qg5+ Kh8 24. Bh4 Qh1+ 25. Ke2 Nh7 26. Qg8+ 1-0


[Site "https://www.chess.com"]